 Dungeon Crawl Stone Soup version 0.30-a0-377-g5cb311bc9f (webtiles) character file.

Game seed: 14809070313802703663

11239 RascalDebosk the Thaumaturge (level 12, -57/88 HPs)
             Began as a Djinni Earth Elementalist on Nov 28, 2022.
             Was an Initiate of Ashenzari.
             Annihilated by a titanic slime creature (78 damage)
             ... on level 14 of the Dungeon on Nov 30, 2022.
             The game lasted 01:29:59 (11012 turns).

RascalDebosk the Thaumaturge (DjEE)                Turns: 11012, Time: 01:29:59

Health: -57/88     AC: 18    Str:  7    XL:     12   Next: 5%
Gold:   183        EV: 10    Int: 27    God:    Ashenzari [......] SH: 14 Dex: 15

rFire   + + .      SeeInvis .    Q - +0 staff of Battle
rCold   . . .      Faith    .    E - +0 kite shield
rNeg    . . .      Spirit   .    z - +7 Kryia's mail coat {PotionHeal*2 rC+}
rPois   ∞          Reflect  +    (no helmet)
rElec   .          Harm     .    u - +0 cloak {Will+}
rCorr   .          Rampage  .    h - +1 pair of gloves
Will    ++...                    (boots unavailable)
Stlth   +.........               i - amulet of reflection
HPRegen 0.34/turn                r - +6 ring of intelligence
MPRegen 0.00/turn                L - +4 ring of evasion

@: flying
A: sickness immunity, fire resistance 2, cold vulnerability 1, float, innate
caster, HP casting, extra vitality 1
a: Renounce Religion, Curse Item


You were on level 14 of the Dungeon.
You worshipped Ashenzari.
Ashenzari was noncommittal.
You visited 2 branches of the dungeon, and saw 13 of its levels.

You collected 633 gold pieces.
You spent 450 gold pieces at shops.

Inventory:

Hand Weapons
 H - a +1 long sword of holy wrath
 J - a +0 scimitar
 Q - the +0 staff of Battle (weapon)
   (You found it on level 10 of the Dungeon)

   It enhances your conjuration magic.
   It summons a battlesphere in combat, with strength depending on Conjurations
   skill.
   Its strikes trigger the battlesphere's blasts.
Armour
 a - a +0 robe
 h - a +1 pair of gloves (worn)
 u - a +0 cloak of willpower (worn)
 z - the +7 Kryia's mail coat (worn) {PotionHeal*2 rC+}
   (You found it on level 5 of the Dungeon)

   Potions are twice as effective at healing its wearer.
   rC:        It protects you from cold.
 E - a +0 kite shield (worn)
Jewellery
 i - an amulet of reflection (around neck)
 n - a ring of wizardry
 o - a ring of positive energy
 r - a +6 ring of intelligence (left hand)
 L - a +4 ring of evasion (right hand)
 R - a ring of willpower
Wands
 C - a wand of polymorph (8)
 G - a wand of flame (29)
 S - a wand of roots (1)
Scrolls
 c - 2 scrolls of blinking {unknown}
 e - 2 scrolls of enchant weapon {unknown}
 g - 3 scrolls of immolation
 k - 3 scrolls of brand weapon {unknown}
 q - a scroll of torment {unknown}
 t - 5 scrolls of teleportation
 v - 3 scrolls of noise {unknown}
 w - 2 scrolls of butterflies
 y - a scroll of amnesia {unknown}
 A - a scroll of enchant armour {unknown}
 F - a scroll of poison {unknown}
 K - 2 scrolls of fear {unknown}
 O - 2 scrolls of vulnerability {unknown}
 P - a scroll of summoning {unknown}
Potions
 b - 3 potions of invisibility
 d - 3 potions of degeneration
 f - 3 potions of might
 j - 2 potions of magic
 l - 9 potions of curing
 m - a potion of lignification
 p - 2 potions of haste
 s - a potion of flight {unknown}
 x - 2 potions of brilliance
 B - a potion of cancellation {unknown}
 D - 2 potions of heal wounds
 I - a potion of mutation
 N - 2 potions of ambrosia
Miscellaneous
 M - a tin of tremorstones (2/2)


   Skills:
 + Level 8.9 Fighting
 - Level 6.1 Armour
 - Level 2.1 Dodging
 - Level 1.5 Stealth
 + Level 4.5 Shields
 * Level 11.1 Spellcasting


You had 10 spell levels left.
You knew the following spells:

 Your Spells              Type           Power      Damage    Failure   Level
a - Sandblast             Erth           100%       2d20      1%          1
b - Passwall              Tmut/Erth      55%        N/A       1%          2
c - Stone Arrow           Conj/Erth      100%       3d13      3%          3
d - Petrify               Tmut/Erth      66%        N/A       11%         4
e - Shock                 Conj/Air       100%       1d9       1%          1
f - Momentum Strike       Conj/Tloc      100%       3d10      1%          2
g - Call Canine Familiar  Summ           66%        N/A       3%          3
h - Frozen Ramparts       Ice            100%       1d16      3%          3
i - Fulminant Prism       Conj/Hex       42%        3d19      11%         4
Your spell library was empty.

Dungeon Overview and Level Annotations

Branches:
Dungeon (11/15)            Temple (1/1) D:5            Lair (0/5) D:10
    Orc (0/2) D:11

Altars:
Ashenzari
Cheibriados
Dithmenos
Elyvilon
Fedhas
Gozag
Hepliaklqana
Makhleb
Nemelex Xobeh
Okawaru
Qazlal
Ru
Trog
Uskayaw
Wu Jian
Xom
Yredelemnul
Zin
The Shining One

Shops:
D:11 =[


Innate Abilities, Weirdness & Mutations

You are immune to sickness and miasma.
You are immune to poison.
Your flesh is very heat resistant. (rF++)
You are vulnerable to cold. (rC-)
You float through the air rather than walking.
You learn spells naturally, not from books.
Your magical power is your life essence.
You have superior vitality. (+4 MHP)


Message History

The orc is moderately wounded.
Your battlesphere fires!
The barrage of energy hits the orc.
The orc is heavily wounded.
Two slime creatures merge to form a large slime creature.
The wall freezes the orc wizard!
You kill the orc wizard!
A slime creature comes into view.
Aiming: Shock (safe; 1% risk of failure)
Press: ? - help, Q - select action, (/) - cycle Shift-Dir - straight line, f - slime creature
Aim: a slime creature (94% to hit)
You feel a surge of power!
The zap hits the slime creature!
The slime creature is lightly wounded.
The zap hits the slime creature!
The slime creature is lightly wounded.
The zap hits the slime creature.
The slime creature is lightly wounded.
Your battlesphere fires!
The barrage of energy hits the slime creature!
The slime creature is moderately wounded.
The wall freezes the slime creature!
The slime creature hits your battlesphere!!
Your battlesphere is destroyed!
Aiming: Shock (safe; 1% risk of failure)
Press: ? - help, Q - select action, (/) - cycle Shift-Dir - straight line, f/p - slime creature
Aim: a slime creature (heavily wounded, 94% to hit)
You feel a surge of power!
The zap hits the slime creature.
The slime creature is heavily wounded.
The zap hits the slime creature!
The slime creature is moderately wounded.
The zap hits the slime creature.
The slime creature is lightly wounded.
You conjure a globe of magical energy.
The wall freezes the slime creature!
Aiming: Shock (safe; 1% risk of failure)
Press: ? - help, Q - select action, (/) - cycle Shift-Dir - straight line, f/p - slime creature
Aim: a slime creature (magical condensation, severely wounded, 94% to hit)
You feel a surge of power!
The zap hits the slime creature.
The slime creature is severely wounded.
The zap hits the slime creature.
The slime creature is moderately wounded.
The zap hits the slime creature.
The slime creature is lightly wounded.
The wall freezes the slime creature.
Two slime creatures merge to form a large slime creature.
The wall freezes the slime creature!
Two slime creatures merge to form a very large slime creature.
Aiming: Shock (safe; 1% risk of failure)
Press: ? - help, Q - select action, (/) - cycle Shift-Dir - straight line, f/p - very large slime creature
Aim: a very large slime creature (magical condensation, moderately wounded, 94% to hit)
You feel a surge of power!
The zap hits the very large slime creature.
The very large slime creature is heavily wounded.
The zap hits the large slime creature.
The large slime creature is lightly wounded.
The zap hits the slime creature.
The slime creature is moderately wounded.
The wall freezes the orc.
You kill the orc!
The wall freezes the large slime creature!
Two slime creatures merge to form a titanic slime creature.
Aiming: Shock (safe; 1% risk of failure)
Press: ? - help, Q - select action, (/) - cycle Shift-Dir - straight line, f/p - titanic slime creature
Aim: a titanic slime creature (moderately wounded, 94% to hit)
You feel a surge of power!
The zap hits the titanic slime creature.
The titanic slime creature is moderately wounded.
The wall freezes the slime creature!
The wall freezes the titanic slime creature.
Aiming: Shock (safe; 1% risk of failure)
Press: ? - help, Q - select action, (/) - cycle Shift-Dir - straight line, f/p - titanic slime creature
Aim: a titanic slime creature (moderately wounded, 94% to hit)
You feel a surge of power!
The zap hits the titanic slime creature.
The titanic slime creature is moderately wounded.
The zap hits the slime creature.
The slime creature is moderately wounded.
The wall freezes the slime creature.
The wall freezes the titanic slime creature.
The titanic slime creature hits you!
Your frozen ramparts will break if you move.
Continue?
The frozen ramparts melt away as you move.
You swap places.
The titanic slime creature hits your battlesphere!!!!
Your battlesphere is destroyed!
Casting: Shock (safe; 1% risk of failure)
Confirm with . or Enter, or press ? or * to list all spells.
Aiming: Stone Arrow (mildly dangerous; 3% risk of failure)
Press: ? - help, Shift-Dir - straight line, f/p - titanic slime creature
Aim: a titanic slime creature (moderately wounded, 95% to hit)
You feel a surge of power!
The stone arrow hits the titanic slime creature!!
The titanic slime creature is heavily wounded.
You conjure a globe of magical energy.
The titanic slime creature attacks as you move away!
The titanic slime creature hits you!!!
* * * LOW HITPOINT WARNING * * *
The titanic slime creature attacks as you move away!
The titanic slime creature hits you!!!!
Ouch! That really hurt!
You die...

#########################
.......).J○J@...........#
......)#####*.#########.#
....... #..# #.# .......
#..#########.# ..J....
#............#####
...>...
#.................
.......
#.................
.......
#.########........
#...#####


You could see a titanic slime creature, a slime creature and a friendly
battlesphere.

Vanquished Creatures
  A boulder beetle (D:11)
  A two-headed ogre (D:8)
  Urug (D:11)
  Joseph (D:7)
  A kobold demonologist (D:10)
  Maggie (D:7)
  2 tengu conjurers (D:10)
  A troll (D:9)
  A queen bee (D:8)
  2 hornets
  Prince Ribbit (D:7)
  2 shadows (D:11)
  6 yaks
  Eustachio (D:5)
  2 wyverns
  2 steam dragons
  A water moccasin (D:5)
  An ice beast (D:7)
  2 orc warriors
  A black bear (D:10)
  5 centaurs (D:11)
  An ogre (D:5)
  2 kobold brigands (D:8)
  4 bullfrogs
  3 necrophages
  3 scorpions
  2 gnoll sergeants
  15 wights
  15 killer bees
  2 electric eels (D:8)
  A howler monkey (D:4)
  5 hounds
  2 jellies
  Crazy Yiuf (D:4)
  6 orc priests
  A gnoll bouda (D:9)
  8 orc wizards
  3 iguanas
  Robin (D:3)
  24 gnolls
  12 adders
  2 ufetubi
  2 worms
  3 dart slugs
  33 orcs
  7 endoplasms
  5 giant cockroaches
  15 goblins
  12 hobgoblins
  10 jackals
  4 quokkas (D:1)
  4 ball pythons
  4 bats
  3 frilled lizards
  14 kobolds
  5 rats
270 creatures vanquished.

Vanquished Creatures (collateral kills)
  A wyvern (D:9)
  An orc warrior (D:10)
  2 ice beasts (D:6)
  2 gnoll sergeants
  A scorpion (D:10)
  A killer bee (D:9)
  An orc priest (D:6)
  3 gnolls (D:9)
  A shadow imp (D:6)
  An orc (D:8)
14 creatures vanquished.

Vanquished Creatures (others)
  A yak (D:10)
  8 fulminant prisms
  2 fungi (D:10)
  51 plants
62 creatures vanquished.

Grand Total: 346 creatures vanquished

Notes
Turn   | Place    | Note
-------+----------+-------------------------------------------
     0 | D:1      | RascalDebosk the Djinni Earth Elementalist began the quest
                  | for the Orb.
     0 | D:1      | RascalDebosk set off with the following spells memorised:
                  | Sandblast, Passwall, Stone Arrow, Petrify.
     0 | D:1      | Reached XP level 1. HP: 15/15 MP: 0/0
   131 | D:1      | Reached XP level 2. HP: 20/21 MP: 0/0
   308 | D:1      | Reached skill level 3 in Spellcasting
   471 | D:1      | Reached XP level 3. HP: 24/25 MP: 0/0
   471 | D:1      | Learned a level 1 spell: Shock
   803 | D:2      | Identified the +0 leather armour of Yshre {Drain rC- Int+6}
   944 | D:2      | Reached XP level 4. HP: 28/31 MP: 0/0
  1581 | D:3      | Reached skill level 4 in Spellcasting
  1780 | D:3      | Reached XP level 5. HP: 33/35 MP: 0/0
  1780 | D:3      | Learned a level 2 spell: Momentum Strike
  2131 | D:3      | Identified the +5 spear of the Destroying Augurer {venom,
                  | rPois Dex+4 Stlth+}
  2154 | D:3      | Noticed Robin
  2160 | D:3      | Killed Robin
  2292 | D:3      | Found a faded altar of an unknown god.
  2622 | D:4      | Reached XP level 6. HP: 33/40 MP: 0/0
  2720 | D:4      | Reached skill level 5 in Spellcasting
  2904 | D:4      | Reached skill level 1 in Fighting
  2973 | D:4      | Found a shadowy altar of Dithmenos.
  2973 | D:4      | Found a faded altar of an unknown god.
  2981 | D:4      | Found a stormy altar of Qazlal.
  2983 | D:4      | Found a faded altar of an unknown god.
  2985 | D:4      | Found a shimmering altar of Xom.
  3090 | D:4      | Reached XP level 7. HP: 44/47 MP: 0/0
  3090 | D:4      | Learned a level 3 spell: Call Canine Familiar
  3239 | D:4      | Found a runed translucent door.
  3240 | D:4      | Noticed Crazy Yiuf
  3246 | D:4      | Killed Crazy Yiuf
  3708 | D:5      | Entered Level 5 of the Dungeon
  3718 | D:5      | Found a staircase to the Ecumenical Temple.
  3728 | Temple   | Entered the Ecumenical Temple
  3728 | Temple   | Found a transporter.
  3728 | Temple   | Found a transporter.
  3730 | Temple   | Found a transporter.
  3730 | Temple   | Found a transporter.
  3857 | D:5      | Noticed Eustachio
  3866 | D:5      | Killed Eustachio
  3867 | D:5      | Reached skill level 6 in Spellcasting
  3974 | D:5      | Reached XP level 8. HP: 52/56 MP: 0/0
  4296 | D:5      | Found the +7 Kryia's mail coat {PotionHeal*2 rC+}
  4593 | D:5      | Reached skill level 7 in Spellcasting
  4781 | D:5      | Found a bloodstained altar of Trog.
  4885 | D:6      | Reached skill level 1 in Armour
  5104 | D:6      | Reached XP level 9. HP: 53/63 MP: 0/0
  5104 | D:6      | Learned a level 3 spell: Frozen Ramparts
  5235 | D:6      | Reached skill level 5 in Fighting
  5659 | D:7      | Reached skill level 8 in Spellcasting
  5867 | D:7      | Found a blossoming altar of Fedhas.
  5905 | D:7      | Found a snail-covered altar of Cheibriados.
  5920 | D:7      | Noticed Prince Ribbit
  5925 | D:7      | Killed Prince Ribbit
  6024 | D:7      | Found an opulent altar of Gozag.
  6047 | D:7      | Noticed Joseph
  6059 | D:7      | Killed Joseph
  6060 | D:7      | Reached XP level 10. HP: 20/72 MP: 0/0
  6406 | D:7      | Found a broken altar of Ashenzari.
  6414 | D:7      | Noticed Maggie
  6426 | D:7      | Killed Maggie
  6451 | D:7      | Became a worshipper of Ashenzari the Shackled
  6931 | D:8      | Reached skill level 5 in Armour
  6931 | D:8      | Reached skill level 9 in Spellcasting
  7430 | D:8      | Noticed a two-headed ogre
  7463 | D:8      | Killed a two-headed ogre
  8060 | D:8      | Reached XP level 11. HP: 53/79 MP: 0/0
  8060 | D:8      | Learned a level 4 spell: Fulminant Prism
  8400 | D:9      | Reached skill level 1 in Shields
  8516 | D:9      | Reached skill level 10 in Spellcasting
  9243 | D:10     | Entered Level 10 of the Dungeon
  9303 | D:10     | Found a staircase to the Lair.
 10031 | D:10     | Found the +0 staff of Battle
 10217 | D:11     | Found a staircase to the Orcish Mines.
 10220 | D:11     | Noticed a boulder beetle
 10224 | D:11     | Noticed Urug
 10241 | D:11     | Killed a boulder beetle
 10253 | D:11     | Killed Urug
 10520 | D:11     | Found a shimmering altar of Xom.
 10527 | D:11     | Found a shimmering altar of Xom.
 10527 | D:11     | Found a shimmering altar of Xom.
 10529 | D:11     | Found a shimmering altar of Xom.
 10630 | D:11     | Found Joelones's Jewellery Boutique.
 10640 | D:11     | Bought an amulet of reflection for 450 gold pieces
 10684 | D:11     | Reached skill level 11 in Spellcasting
 10687 | D:11     | Reached XP level 12. HP: 60/88 MP: 0/0
 10780 | D:11     | Found Ulaepac's Armour Boutique.
 10954 | D:11     | You are sucked into a shaft and drop 3 floors!
 11012 | D:14     | Annihilated by a titanic slime creature

Illustrated notes

Levels and vault maps discovered:
D:1:      dpeg_arrival_pits, layout_loops_ring, minmay_pentomino_o4
D:2:      layout_loops_cross
D:3:      minmay_skewed_foursquare, layout_basic,
          dreamdust_ecumenical_altar_angels_and_demons, uniq_robin
D:4:      minmay_chambers_of_fours, layout_loops_ring,
          chequers_temple_overflow_minitemple, uniq_crazy_yiuf_cottage
D:5:      layout_basic, kennysheep_little_box, minmay_temple_entry_water_ring,
          serial_co_window_serial, co_window_of_opportunity_a,
          co_window_corner_a, co_window_paths_b, co_window_paths_a,
          co_window_paths_a, co_window_paths_a, co_window_paths_a,
          co_window_cross_2, co_window_broadway_b, co_window_corner_cb,
          co_window_2corner, co_window_corner_b, glass_columns_c, uniq_eustachio
D:6:      layout_gridville
D:7:      layout_cave_pools, mainiacjoe_overflow_alcove_2,
          nicolae_gozag_seed_capital, ashenzari_conservatory_becter,
          mainiacjoe_overflow_concentric_impassable, uniq_joseph, uniq_maggie,
          uniq_prince_ribbit1
D:8:      layout_basic, serial_bayou_ford_a, nicolae_looking_at_the_future
D:9:      layout_basic, fiery_altar_vehumet
D:10:     layout_irregular_city, grunt_lair_entry_orc_guard_hut,
          serial_bayou_pond_a, nicolae_kite_square_tiling_tiny,
          hellmonk_guarded_unrand_staff_of_battle
D:11:     layout_irregular_city, orc_david_3, serial_shops,
          nicolae_shop_crystal, shop, shop, nicolae_shop_bloodbath_and_beyond,
          xom_redecorated, uniq_urug
D:14:     layout_small_grid, david_vaults_3, chequers_serial_rivers_micro_b,
          nicolae_uskayaw_dance_hall, uniq_josephine
Temple:   hellmonk_temple_divided_pantheon

Skill      XL: |  1  2  3  4  5  6  7  8  9 10 11 |
---------------+----------------------------------+-----
Spellcasting   | 3 4 5 6 7 8 9 11 | 11.1
Fighting       | 1 3 4 6 7 8 |  8.9
Armour         | 2 4 6 |  6.1
Shields        | 4 |  4.5
Dodging        | |  2.1
Stealth        | |  1.5

Action                   |  1- 3 |  4- 6 |  7- 9 | 10-12 || total
-------------------------+-------+-------+-------+-------++-------
Melee: Unarmed           |     2 |       |       |       ||     2
       Dagger            |       |       |     3 |       ||     3
       Falchion          |       |       |     6 |       ||     6
       Scimitar          |       |       |       |    35 ||    35
       Long sword        |       |       |       |    11 ||    11
       Staff             |       |       |       |     1 ||     1
 Cast: Sandblast         |    28 |       |     3 |     5 ||    36
       Shock             |    29 |   136 |    38 |   143 ||   346
       Stone Arrow       |       |     6 |    57 |    74 ||   137
       Petrify           |       |     1 |    11 |    11 ||    23
       Call Canine Famil |       |       |     4 |     9 ||    13
       Frozen Ramparts   |       |       |     3 |    14 ||    17
       Fulminant Prism   |       |       |       |     8 ||     8
  Use: Scroll            |       |     5 |     1 |     8 ||    14
 Stab: Distracted        |       |       |       |     1 ||     1
Armor: Robe              |     6 |    14 |     5 |       ||    25
       Scale mail        |       |       |    18 |   121 ||   139
Dodge: Dodged            |    20 |    37 |    17 |    69 ||   143
Block: Kite shield       |       |       |       |    84 ||    84
       Reflection        |       |       |       |     2 ||     2

Table legend: (Time is in decaauts)
 A = Elapsed time spent in this place.
 B = Non-inter-level travel time spent in this place.
 C = Inter-level travel time spent in this place.
 D = Time resting spent in this place.
 E = Time spent auto-exploring this place.
 F = Levels seen in this place.
 G = Mean time per level.
                   A        B        C        D        E       F      G
               +--------+--------+--------+--------+--------+-----+--------+
         Total |  11053 |  10782 |    271 |   1488 |   6565 |  13 |  850.2 |
       Dungeon |  11020 |  10749 |    271 |   1488 |   6560 |  12 |  918.3 |
        Temple |     33 |     33 |      0 |      0 |      5 |   1 |   33.0 |
               +--------+--------+--------+--------+--------+-----+--------+

Top non-repeatable levels by time:
     D:8: 1642 daAuts
     D:3: 1168 daAuts
     D:4: 1118 daAuts
     D:5: 1081 daAuts
    D:10: 993 daAuts
     D:6: 973 daAuts
     D:7: 924 daAuts
     D:9: 889 daAuts
     D:1: 761 daAuts
    D:11: 737 daAuts
     D:2: 670 daAuts
    D:14: 57 daAuts
  Temple: 33 daAuts
